 Dungeon Crawl Stone Soup version 0.30-a0-737-gf23d94013f (webtiles) character file.

Game seed: 2082047341243126756

488 kae the Changer (level 6, -3/47 HPs)
             Began as a Draconian Transmuter on Feb 1, 2023.
             Splashed by a jelly's acid (7 damage)
             ... on level 5 of the Dungeon.
             The game lasted 00:04:02 (4248 turns).

kae the Changer (Draconian Transmuter)              Turns: 4248, Time: 00:04:03

Health: -3/47      AC: -17   Str: 12    XL:     6   Next: 90%
Magic:  10/11      EV: 12    Int: 15    God:
Gold:   100        SH:  0    Dex: 12    Spells: 2/12 levels left

rFire   . . .      SeeInvis .      - Unarmed
rCold   . . .      Faith    .    (no shield)
rNeg    . . .      Spirit   .    (body armour unavailable)
rPois   .          Reflect  .    (helmet restricted)
rElec   .          Harm     .    c - +0 cloak
rCorr   .          Rampage  .    (no gloves)
Will    .....                    (no boots)
Stlth   +                        (no amulet)
HPRegen 0.27/turn                (no ring)
MPRegen 0.12/turn                (no ring)

@: corroded
A: AC +6, unfitting armour, cold-blooded
a: no special abilities


You were on level 5 of the Dungeon.
You visited 1 branch of the dungeon, and saw 7 of its levels.

You collected 262 gold pieces.
You spent 162 gold pieces at shops.


Innate Abilities, Weirdness & Mutations

Your plain brown scales are hard. (AC +6)
You cannot fit into any form of body armour.
You are cold-blooded and may be slowed by cold attacks.


   Skills:
 - Level 1.1 Fighting
 - Level 1.7 Dodging
 + Level 4.4 Unarmed Combat
 + Level 3.7 Spellcasting
 * Level 5.2 Transmutations
 * Level 0.1 Ice Magic
 - Level 2.0 Poison Magic


You had 2 spell levels left.
You knew the following spells:

 Your Spells              Type           Power      Damage    Failure   Level
a - Beastly Appendage     Tmut           36%        N/A       2%          1
b - Wereblood             Tmut           18%        N/A       3%          2
c - Spider Form           Tmut/Pois      13%        N/A       13%         3
d - Ice Form              Ice/Tmut       10%        N/A       52%         4

Your spell library contained the following spells:

 Spells                   Type           Power      Damage    Failure   Level
 Passwall                 Tmut/Erth      8%         N/A       10%         2
 Apportation              Tloc           4%         N/A       19%         1
 Necrotise                Necr           8%         1d4       19%         1
 Sandblast                Erth           4%         2d4       19%         1
 Summon Small Mammal      Summ           8%         N/A       19%         1
 Stone Arrow              Conj/Erth      4%         3d7       50%         3

Inventory:

Missiles
 b - 56 stones
 s - 3 boomerangs
Armour
 c - a +0 cloak (worn)
   (You found it on level 1 of the Dungeon)
Wands
 d - a wand of polymorph (5)
   (You found it on level 2 of the Dungeon)
Scrolls
 n - 2 scrolls of teleportation {@r4}
 r - a scroll of fear
Potions
 a - a potion of lignification {!q}
 e - a potion of berserk rage {unknown}
 f - 2 potions of curing {@q1}
 g - 2 potions of flight
 h - a potion of magic {unknown}
 i - a potion of cancellation
 j - 2 potions of mutation {unknown}
 l - 2 potions of resistance
 m - a potion of invisibility {unknown}
 o - a potion of heal wounds {@q2}
 t - a potion of attraction {unknown}

Dungeon Overview and Level Annotations

Branches:
Dungeon (7/15) Zot: 25397
 Temple: D:4-7

Altars:
Uskayaw

Shops:
D:3 ***

Annotations:
D:4 1 runed translucent door, Crazy Yiuf

......o........
#..#.....#.....
#o.#.....# #...
#..###.### .. .
#...... .
##.####.#.#.##.#
#..............#
####...########.##
#....J@......... .#
#.#.####.#.##.## .#
# #.####.#.##.# .#
#........##.# .#
######...##.# .#
#...##.# ##§###
#....).# #§§§§.
#+#.##.# #§§§.#
........##.#####§§##


You could see a jelly (poisoned).


Message History

Your transformation has ended.
Your +0 cloak unmelds from your body. 😕 HP[+2] MP[+1]
You regained 2 hp, and now have 37/47 hp.
No target in view!
No target in view!
An ufetubus comes into view.
The ufetubus moves out of view. 😕 HP[+2] MP[+1]
You regained 2 hp, and now have 39/47 hp.
Your mp is fully restored (11).
No target in view!
No target in view!
The jelly quivers. 😎 HP[+8]
Your hp is fully restored (47).
A jelly is nearby!
A jelly is nearby!
A jelly is nearby!
Casting: Spider Form (dangerous; 13% risk of failure)
Confirm with . or Enter, or press ? or * to list all spells.
You turn into a venomous arachnid creature.
Your +0 cloak melds into your body.
Your transformation is almost over. 😎 MP[-3]
You lost 3 mp, and now have 8/11 mp.
Unknown command.
The jelly misses you.
You hit the jelly but do no damage. The acid corrodes you!
Your front pincers burn!
The jelly misses you.
You hit the jelly.
Your front pincers burn!
The jelly completely misses you. 😕 HP[-6]
You take 6 damage, and now have 41/47 hp.
You hit the jelly. The acid corrodes you!
Your front pincers burn!
The jelly hits you. The acid corrodes you!
You are splashed with acid.
You are too injured to fight recklessly! 😮 HP[-11]
You take 11 damage, and now have 30/47 hp.
MASSIVE DAMAGE!! (PAUSE)
You are too injured to fight recklessly!
You are too injured to fight recklessly!
You hit the jelly but do no damage.
Your front pincers burn!
The jelly closely misses you. 😮 HP[-4] MP[+1]
You take 4 damage, and now have 26/47 hp.
Unknown command.
You hit the jelly but do no damage.
Your front pincers burn!
The jelly completely misses you. 😮 HP[-1]
You take 1 damage, and now have 25/47 hp.
You hit the jelly but do no damage. The acid corrodes you!
Your front pincers burn!
* * * LOW HITPOINT WARNING * * *
The jelly misses you. 😮 HP[-1]
You take 1 damage, and now have 24/47 hp.
The orc shouts!
You hit the jelly. The acid corrodes you!
Your front pincers burn!
* * * LOW HITPOINT WARNING * * *
The jelly hits you.
* * * LOW HITPOINT WARNING * * *
You are splashed with acid!
* * * LOW HITPOINT WARNING * * *
😨 HP[-12]
You take 12 damage, and now have 12/47 hp.
MASSIVE DAMAGE!! (PAUSE)
You hit the jelly but do no damage.
The jelly is poisoned.
Your front pincers burn!
* * * LOW HITPOINT WARNING * * *
Your transformation has ended.
Your +0 cloak unmelds from your body. 😱 HP[-1]
You take 1 damage, and now have 11/47 hp.
Unknown command.
You feel much better. The jelly hits you.
You are splashed with acid! 😮 HP[+14]
You regained 14 hp, and now have 25/47 hp. 😮 HP[+1]
The jelly attacks as you move away! The jelly barely misses you.
You hit the jelly but do no damage.
Your hands burn!
* * * LOW HITPOINT WARNING * * *
The jelly hits you.
* * * LOW HITPOINT WARNING * * *
The acid corrodes you!
You are splashed with acid!
* * * LOW HITPOINT WARNING * * *
😨 HP[-13] MP[+1]
You take 13 damage, and now have 13/47 hp.
MASSIVE DAMAGE!! (PAUSE)
You hit the jelly but do no damage.
Your hands burn!
* * * LOW HITPOINT WARNING * * *
The jelly closely misses you. 😱 HP[-2]
You take 2 damage, and now have 11/47 hp.
Unknown command.
You hit the jelly but do no damage.
Your hands burn!
* * * LOW HITPOINT WARNING * * *
The jelly hits you.
* * * LOW HITPOINT WARNING * * *
The acid corrodes you!
You are splashed with acid!
You die...

Skill      XL: |  1  2  3  4  5  6 |
---------------+-------------------+-----
Transmutations | 3 4 5 |  5.2
Poison Magic   | 1 2 |  2.0
Spellcasting   | 3 |  3.7
Unarmed Combat | 4 |  4.4
Fighting       | |  1.1
Dodging        | |  1.7
Ice Magic      | |  0.1

Action                     |  1- 3 |  4- 6 || total
---------------------------+-------+-------++-------
  Melee: Unarmed           |   124 |   113 ||   237
         Headbutt          |    13 |     4 ||    17
         Kick              |    25 |    10 ||    35
         Tailslap          |     9 |    11 ||    20
         Punch             |     2 |       ||     2
   Cast: Beastly Appendage |    30 |    14 ||    44
         Wereblood         |     1 |     1 ||     2
         Spider Form       |       |     7 ||     7
    Use: Scroll            |     4 |     8 ||    12
         Potion            |       |     1 ||     1
 Armour: Skin              |    39 |    20 ||    59
  Dodge: Dodged            |    80 |    77 ||   157

Levels and vault maps discovered:
D:1:      amcnicky_arrival_wind_blow, layout_basic, basic_ecumenical_altar
D:2:      layout_loops_ring, roderic_lattice_a
D:3:      layout_basic, serial_shops, shop, nicolae_shop_advertising_works
          [nicolae_subvault_shop_adworks], shop, wad_rectangle_vault
D:4:      layout_loops_ring, dancing_weapons_uskayaw, grunt_ministairs_9,
          uniq_crazy_yiuf_cottage, uniq_menkaure
D:5:      layout_basic, mainiacjoe_overflow_concentric_impassable, st_stairs_3
D:6:      layout_loops_corners, mainiacjoe_overflow_catwalk, fedhas_altar_3,
          minmay_temple_entry_grid, corexii_checkpoint_a, uniq_edmund,
          uniq_duvessa
D:7:      layout_gridville, nicolae_concentric_dashed_squares_mild

Notes
Turn   | Place    | Note
-------+----------+-------------------------------------------
     0 | D:1      | kae the Draconian Transmuter began the quest for the Orb.
     0 | D:1      | Reached XP level 1. HP: 16/16 MP: 3/3
     0 | D:1      | magus.rc [v1.11.3]
   226 | D:1      | You pick up a book of Geomancy and begin reading...
   226 | D:1      | You add the spells Sandblast, Passwall and Stone Arrow to
                  | your library.
   300 | D:1      | Found a faded altar of an unknown god.
   348 | D:1      | Reached XP level 2. HP: 23/23 MP: 3/5
   415 | D:1      | You pick up a book of Cantrips and begin reading...
   415 | D:1      | You add the spells Necrotise, Summon Small Mammal and
                  | Apportation to your library.
   880 | D:2      | Reached XP level 3. HP: 26/28 MP: 6/6
   885 | D:2      | Learned a level 2 spell: Wereblood
   889 | D:2      | Learned a level 3 spell: Spider Form
  1275 | D:2      | Reached skill level 3 in Transmutations
  1538 | D:3      | Found Ilalee's Assorted Antiques.
  1552 | D:3      | Bought a scroll labelled CATYPI XEOBIS for 25 gold pieces
  1552 | D:3      | Bought a scroll labelled ZAIVVOG HIXIBE for 25 gold pieces
  1552 | D:3      | Bought a scroll labelled ZUDILA ODOOSORUO for 25 gold
                  | pieces
  1876 | D:3      | Reached skill level 1 in Poison Magic
  1996 | D:3      | Found Gihiass's General Store.
  2003 | D:3      | Bought a potion of curing for 30 gold pieces
  2079 | D:3      | Found Hoceulum's Assorted Antiques.
  2089 | D:3      | Bought a bubbling ruby potion for 19 gold pieces
  2089 | D:3      | Bought a cyan potion for 19 gold pieces
  2292 | D:3      | Reached XP level 4. HP: 35/35 MP: 7/7
  2561 | D:4      | You fall into a shaft and drop 3 floors!
  2645 | D:5      | Entered Level 5 of the Dungeon
  2722 | D:3      | Bought a red potion for 19 gold pieces
  3065 | D:4      | Reached XP level 5. HP: 19/40 MP: 1/9
  3086 | D:4      | Reached skill level 2 in Poison Magic
  3093 | D:4      | Reached skill level 3 in Spellcasting
  3093 | D:4      | Reached skill level 4 in Transmutations
  3200 | D:4      | Noticed a +0 hand axe
  3211 | D:4      | Found a hide-covered altar of Uskayaw.
  3211 | D:4      | Noticed a +0 hand axe
  3461 | D:4      | Reached skill level 4 in Unarmed Combat
  3461 | D:4      | Reached XP level 6. HP: 40/47 MP: 10/10
  3600 | D:4      | Noticed Menkaure
  3607 | D:4      | Learned a level 4 spell: Ice Form
  3615 | D:4      | Killed Menkaure
  3616 | D:4      | Reached skill level 5 in Transmutations
  3896 | D:4      | Found a runed translucent door.
  3897 | D:4      | Noticed Crazy Yiuf
  4241 | D:5      | HP: 11/47 [acid (1)]
  4247 | D:5      | HP: 10/47 [acid (3)]
  4248 | D:5      | HP: 4/47 [jelly (3)]
  4248 | D:5      | Splashed by a jelly's acid

Vanquished Creatures
  Menkaure (D:4)
  An ogre (D:4)
  A hound (D:4)
  A jelly (D:4)
  An orc priest (D:4)
  An iguana (D:4)
  An orc wizard (D:4)
  3 gnolls (D:4)
  2 adders
  An ufetubus (D:5)
  A worm (D:3)
  A dart slug (D:4)
  10 orcs
  16 endoplasms
  7 goblins
  2 hobgoblins (D:3)
  A jackal (D:3)
  4 kobolds
  5 quokkas
  8 ball pythons
  6 bats
  4 frilled lizards
  5 rats
83 creatures vanquished.

Table legend:
 A = Non-vault XP
 B = Vault XP
 C = Vault XP percentage of total XP
 D = Non-vault monster count
 E = Vault monster count
 F = Vault count percentage of total count
                 A         B        C        D         E       F
            +---------+---------+-------+---------+---------+-------
      Total |     455 |     243 |  34.8 |      73 |      10 |  12.0
            +---------+---------+-------+---------+---------+-------
        D:1 |      20 |       0 |   0.0 |      13 |       0 |   0.0
        D:2 |      34 |       0 |   0.0 |      14 |       0 |   0.0
        D:3 |      37 |      11 |  22.9 |      19 |       6 |  24.0
        D:4 |     345 |     218 |  38.7 |      22 |       3 |  12.0
        D:5 |      13 |       0 |   0.0 |       3 |       0 |   0.0
        D:6 |       6 |      14 |  70.0 |       2 |       1 |  33.3
            +---------+---------+-------+---------+---------+-------

Illustrated notes

Table legend:
 A = Kills in this place as a percentage of kills in entire the game.
 B = Kills by you in this place as a percentage of kills by you in the entire game.
 C = Kills by friends in this place as a percentage of kills by friends in the entire game.
 D = Other kills in this place as a percentage of other kills in the entire game.
 E = Experience gained in this place as a percentage of experience gained in the entire game.
 F = Experience gained in this place divided by the number of levels of this place that you have seen.
                   A       B       C       D       E      F
               +-------+-------+-------+-------+-------+----------------------
         Total | 100.0 | 100.0 |   N/A |   N/A | 100.0 |  99.7
       Dungeon | 100.0 | 100.0 |   N/A |   N/A | 100.0 |  99.7
               +-------+-------+-------+-------+-------+----------------------

Table legend: (Time is in decaauts)
 A = Elapsed time spent in this place.
 B = Non-inter-level travel time spent in this place.
 C = Inter-level travel time spent in this place.
 D = Time resting spent in this place.
 E = Time spent auto-exploring this place.
 F = Levels seen in this place.
 G = Mean time per level.
                   A        B        C        D        E       F      G
               +--------+--------+--------+--------+--------+-----+--------+
         Total |   4240 |   4102 |    138 |    111 |   3262 |   7 |  605.7 |
       Dungeon |   4240 |   4102 |    138 |    111 |   3262 |   7 |  605.7 |
               +--------+--------+--------+--------+--------+-----+--------+

Top non-repeatable levels by time:
     D:4: 1351 daAuts
     D:3: 1143 daAuts
     D:2: 838 daAuts
     D:1: 693 daAuts
     D:5: 118 daAuts
     D:6: 76 daAuts
     D:7: 19 daAuts
